 Dungeon Crawl Stone Soup version 0.30-a0-341-g682706514a (webtiles) character file.

Game seed: 4705768519988204881

217 Elric the Poker (level 5, -6/61 HPs)
             Began as a Merfolk Gladiator on Nov 2, 2022.
             Killed from afar by an orc wizard (8 damage)
             ... with a magic dart
             ... on level 3 of the Dungeon.
             The game lasted 00:05:34 (1611 turns).

Elric the Poker (Merfolk Gladiator)                 Turns: 1611, Time: 00:05:35

Health: -6/61      AC:  9    Str: 16    XL:     5   Next: 94%
Magic:  0/6        EV:  8    Int:  7    God:
Gold:   208        SH:  0    Dex: 16    Spells: 6/6 levels left

rFire   . . .      SeeInvis .    a - +0 trident
rCold   . . .      Faith    .    (no shield)
rNeg    . . .      Spirit   +    q - +0 chain mail
rPois   .          Reflect  .    c - +0 helmet
rElec   .          Harm     .    (no cloak)
rCorr   .          Rampage  .    (no gloves)
Will    .....                    (no boots)
Stlth   ..........               m - amulet of guardian spirit
HPRegen 0.30/turn                g - ring of wizardry
MPRegen 0.10/turn                (no ring)

@: berserking, very quick
A: (nimble swimmer 2), mertail
a: no special abilities


You were on level 3 of the Dungeon.
You visited 1 branch of the dungeon, and saw 3 of its levels.

You collected 208 gold pieces.

Inventory:

Hand Weapons
 a - a +0 trident (weapon)
Missiles
 d - 2 throwing nets (quivered)
 e - a javelin
Armour
 b - a +0 leather armour
 c - a +0 helmet (worn)
 q - a +0 chain mail (worn)
Jewellery
 g - a ring of wizardry (left hand)
 m - an amulet of guardian spirit (around neck)
Wands
 u - a wand of flame (3)
Scrolls
 f - 2 scrolls of butterflies {unknown}
 j - a scroll of acquirement {unknown}
 k - 2 scrolls of blinking {unknown}
 l - a scroll of brand weapon {unknown}
 n - 2 scrolls of poison {unknown}
 o - a scroll of enchant weapon {unknown}
 s - a scroll of identify {unknown}
 t - a scroll of teleportation {unknown}
Potions
 h - a potion of curing
 p - a potion of mutation {unknown}
 r - a potion of flight {unknown}
 v - a potion of heal wounds {unknown}


   Skills:
 - Level 3.1 Fighting
 * Level 7.7 Polearms
 - Level 2.0 Throwing
 - Level 4.0 Dodging
 - Level 1.2 Spellcasting


You had 6 spell levels left.
You didn't know any spells.
Your spell library contained the following spells:

 Spells                   Type           Power      Damage    Failure   Level
 Beastly Appendage        Tmut           0%         N/A       96%         1
 Necrotise                Necr           0%         1d4       96%         1
 Wereblood                Tmut           0%         N/A       99%         2
 Spider Form              Tmut/Pois      0%         N/A       100%        3
 Vampiric Draining        Necr           0%         2d6       100%        3
 Agony                    Necr           0%         N/A       100%        5


Dungeon Overview and Level Annotations

Branches:
Dungeon (3/15)

Altars:

Annotations:
D:3 1 runed translucent door, Harunobu's ghost, amateur GrMo


Innate Abilities, Weirdness & Mutations

((You are very nimble when in or above water. (Stealth+, EV+, Speed+++)))
Your lower body shifts to a powerful aquatic tail in water.


Message History

The orc wizard flickers and vanishes!
You barely miss the orc. The orc hits you with a +0 mace.
The gnoll barely misses you.
You bump into the rock wall.
You hear some strange, mumbled words.
A puff of flame appears from out of thin air!
The puff of flame hits you! The orc misses you.
The gnoll hits you but does no damage.
You hit the orc.
The orc is almost dead.
The orc barely misses you. Something hits you but does no damage.
The gnoll barely misses you. The gnoll closely misses you.
You barely miss something. Something hits you but does no damage.
The orc hits you with a +0 mace. The gnoll closely misses you.
The gnoll hits you with a +0 flail.
* * * LOW HITPOINT WARNING * * *
You closely miss something.
You feel less confused.
The gnoll hits you but does no damage. x2
You hit something but do no damage. The orc hits you but does no damage.
The gnoll barely misses you. The gnoll hits you with a +0 flail.
* * * LOW HITPOINT WARNING * * *
It was a potion of berserk rage.
A red film seems to cover your vision as you go berserk!
You feel yourself moving faster!
You feel mighty!
You hear some strange, mumbled words.
A magic dart appears from out of thin air!
The magic dart hits you but does no damage.
The orc hits you with a +0 mace.
* * * LOW HITPOINT WARNING * * *
The gnoll closely misses you. The gnoll hits you but does no damage.
You are too berserk!
You puncture something!
The gnoll hits you from afar with a +0 spear.
* * * LOW HITPOINT WARNING * * *
The orc barely misses you.
You hear some strange, mumbled words.
A magic dart appears from out of thin air!
The magic dart hits you!
You die...

........o.oog......
#########.O.####### ###g##
##)go###### .
##).##......#
..#######.o###......#
..........go........#
...#...>o##og.......#
.........g{@#########
........###########
#####...###...####.....##
##.....##W##...##.......##
#.....##...##............#
#.#..##.....##...........#
.....#⌠.!♣?.⌠#.......^...#
.....##.....##.......>...#
#.....##...##........<...#


You could see 3 gnolls and 4 orcs.

Vanquished Creatures
  Natasha (thrice) (D:2)
  An orc wizard (D:3)
  4 gnolls (D:3)
  2 adders (D:3)
  8 orcs
  7 bats
  3 endoplasms
  2 giant cockroaches
  6 hobgoblins
  4 jackals (D:3)
  5 ball pythons
  A frilled lizard (D:3)
  5 goblins
  7 kobolds
  2 rats
60 creatures vanquished.

Vanquished Creatures (others)
  7 fungi (D:2)
  5 toadstools (D:2)
12 creatures vanquished.

Grand Total: 72 creatures vanquished

Notes
Turn   | Place    | Note
-------+----------+-------------------------------------------
     0 | D:1      | Elric the Merfolk Gladiator began the quest for the Orb.
     0 | D:1      | Reached XP level 1. HP: 16/16 MP: 1/1
   226 | D:1      | Reached XP level 2. HP: 23/23 MP: 2/2
   532 | D:2      | Noticed Natasha
   545 | D:2      | Killed Natasha
   546 | D:2      | Reached skill level 5 in Polearms
   546 | D:2      | Reached XP level 3. HP: 15/28 MP: 2/4
   656 | D:2      | Reached skill level 1 in Spellcasting
   659 | D:2      | Noticed Natasha
   668 | D:2      | Killed Natasha
   669 | D:2      | Reached XP level 4. HP: 29/35 MP: 3/5
   832 | D:2      | Noticed Natasha
   845 | D:2      | Killed Natasha
   846 | D:2      | Reached skill level 6 in Polearms
   955 | D:2      | Reached XP level 5. HP: 30/41 MP: 6/6
  1335 | D:3      | Reached skill level 7 in Polearms
  1442 | D:3      | Found a runed translucent door.
  1442 | D:3      | Noticed Harunobu's ghost (amateur GrMo)
  1555 | D:3      | Noticed an ogre
  1611 | D:3      | HP: 2/61 [gnoll/+0 spear (4)]
  1611 | D:3      | Killed from afar by an orc wizard

Illustrated notes

Levels and vault maps discovered:
D:1:      saegor_arrival_miasma, layout_rooms, item_on_display_a
D:2:      layout_basic, minmay_gold_behind_fungi, uniq_natasha
D:3:      lemuel_castle_with_subvaults [lemuel_castle_interior_original],
          layout_rooms, mainiacjoe_overflow_catwalk,
          hellmonk_ghost_happy_afterlife, minivault_26, grunt_decor_junction,
          minmay_diced_spiral, uniq_jessica

Skill      XL: |  1  2  3  4  5 |
---------------+----------------+-----
Polearms       | 5 6 7 |  7.7
Spellcasting   | 1 |  1.2
Fighting       | 3 |  3.1
Throwing       | |  2.0
Dodging        | |  4.0

Action                   |  1- 3 |  4- 6 || total
-------------------------+-------+-------++-------
Melee: Trident           |    89 |   167 ||   256
       Punch             |     1 |     2 ||     3
Throw: Throwing net      |     2 |       ||     2
  Use: Potion            |       |     2 ||     2
 Stab: Sleeping          |     2 |       ||     2
       Held in net/web   |     1 |       ||     1
Armor: Leather armour    |    21 |       ||    21
       Chain mail        |    11 |    94 ||   105
Dodge: Dodged            |    47 |    92 ||   139

Table legend: (Time is in decaauts)
 A = Elapsed time spent in this place.
 B = Non-inter-level travel time spent in this place.
 C = Inter-level travel time spent in this place.
 D = Time resting spent in this place.
 E = Time spent auto-exploring this place.
 F = Levels seen in this place.
 G = Mean time per level.
                   A        B        C        D        E       F      G
               +--------+--------+--------+--------+--------+-----+--------+
         Total |   1617 |   1587 |     30 |      0 |   1130 |   3 |  539.0 |
       Dungeon |   1617 |   1587 |     30 |      0 |   1130 |   3 |  539.0 |
               +--------+--------+--------+--------+--------+-----+--------+

Top non-repeatable levels by time:
     D:2: 697 daAuts
     D:1: 511 daAuts
     D:3: 409 daAuts
